Map: Thunderbird LE

Players

klesk

  • Race: Zerg Zerg
  • League: Diamond
  • Spawn Location: 5:00

Woah - Winner!

  • Race: Terran Terran
  • Spawn Location: 11:00

VOD

Have the link to the VOD?

Description

Time

  • Played on: June 14, 2019, 2:39 p.m.
  • Length: 13:20
Show
View Real Time Build Order
Export as new Build Order

klesk Zerg 

Build Orders: Pool First 

Get SALT Encoding   

  12  0:05  Drone  
  13  0:09  Drone  
  14  0:32  Spawning Pool  
  14  0:33  Drone  
  14  0:34  Extractor  
  13  0:36  Drone  
  14  0:47  Overlord  
  14  0:52  Overlord  
  14  1:12  Drone x2  
  14  1:18  Drone  
  17  1:19  Queen  
  19  1:29  Drone  
  20  1:38  Metabolic Boost  
  20  1:42  Drone  
  21  2:03  Hatchery  
  21  2:08  Drone x2  
  22  2:15  Drone  
  22  2:21  Zergling x2  
  24  2:31  Zergling x6  
  24  2:36  Zergling x2  
  28  2:39  Lair  
  28  2:47  Zergling x2  
  29  3:09  Hatchery  
  28  3:14  Zergling x6, Baneling Nest  
  30  3:20  Overlord x2  
  30  3:31  Drone, Spine Crawler  
  30  3:44  Zergling x4  
  30  3:45  Zergling x2  
  33  3:52  Nydus Network  
  32  3:57  Zergling x2  
  33  4:05  Baneling x2  
  33  4:06  Baneling x2  
  33  4:10  Extractor  
  33  4:14  Zergling x4  
  34  4:17  Zergling x4  
  34  4:18  Zergling x2  
  37  4:25  Overlord  
  37  4:26  Zergling x2  
  38  4:36  Nydus Canal  
  38  4:37  Zergling x4  
  40  4:45  Zergling x4  
  42  4:51  Zergling x6  
  45  4:57  Zergling x2  
  46  5:02  Drone  
  45  5:08  Zergling x4  
  41  5:27  Baneling x3  
  41  5:28  Baneling x5  
  36  5:31  Drone x2  
  38  5:43  Drone x3  
  29  6:06  Zergling x6  
  29  6:07  Zergling x6  
  29  6:10  Zergling x2  
  29  6:11  Zergling x2  
  34  6:18  Zergling x2  
  35  6:31  Centrifical Hooks  
  35  6:39  Queen  
  37  7:04  Zergling x2  
  37  7:05  Drone x3  
  37  7:06  Drone x2  
  37  7:07  Hatchery  
  38  7:16  Overlord  
  38  7:20  Overlord  
  38  7:30  Overlord  
  38  7:41  Pneumatized Carapace  
  38  7:44  Zergling x8  
  40  7:46  Baneling  
  40  7:48  Baneling  
  40  7:49  Baneling  
  42  7:51  Baneling  
  42  7:52  Baneling  
  42  7:53  Baneling  
  42  8:01  Drone x2  
  44  8:07  Baneling  
  44  8:08  Baneling x3  
  44  8:18  Zergling x6  
  47  8:25  Spore Crawler  
  46  8:34  Overlord x2  
  46  8:37  Drone  
  47  8:55  Overlord, Drone x2  
  48  8:56  Drone  
  48  9:01  Nydus Canal  
  50  9:03  Zergling x2  
  50  9:04  Zergling x4  
  53  9:10  Drone x4  
  54  9:32  Zergling x6  
  54  9:33  Zergling x10  
  55  9:40  Zergling x2  
  55  9:41  Zergling x10  
  61  9:49  Extractor, Spine Crawler  
  61  9:50  Spine Crawler  
  58  9:54  Baneling x4  
  58  9:55  Baneling x2  
  58  10:13  Nydus Canal  
  58  10:14  Drone x6  
  60  10:15  Drone  
  60  10:20  Drone x3  
  60  10:21  Drone  
  69  10:28  Nydus Canal  
  69  10:29  Drone x2  
  69  10:30  Drone x2  
  67  11:26  Hatchery  
  67  11:30  Spire  
  67  11:31  Spine Crawler  
  67  11:32  Hatchery  
  59  11:49  Zergling x8  
  59  11:50  Zergling x6  
  64  11:57  Zergling x4  
  58  12:19  Zergling x10  
  63  12:23  Baneling x5  
  63  12:33  Baneling x3  
  63  12:34  Zergling x6  
  66  12:40  Hatchery  
  66  12:41  Baneling x7  
  66  12:42  Queen, Drone  
  68  12:51  Baneling  
  68  12:55  Zergling x2, Drone  
  68  12:56  Zergling x6  
Show
View Real Time Build Order
Export as new Build Order

Woah Terran - Winner!

Build Orders:  

Get SALT Encoding   

  12  0:02  SCV  
  13  0:16  Supply Depot  
  13  0:18  SCV  
  14  0:32  SCV  
  15  0:47  Barracks  
  15  0:54  SCV  
  16  1:07  SCV  
  16  1:08  Barracks  
  17  1:15  Refinery  
  17  1:19  SCV  
  18  1:34  Orbital Command  
  18  1:36  Barracks  
  18  1:37  Marine  
  19  1:55  Marine x2  
  21  2:03  SCV  
  22  2:11  Supply Depot  
  22  2:17  Bunker  
  22  2:18  Marine  
  23  2:32  Marine x2  
  23  2:33  Barracks, Supply Depot  
  25  2:41  Marine  
  28  2:59  Bunker  
  26  3:13  Command Center  
  26  3:28  SCV  
  26  3:34  Factory  
  27  3:35  Barracks Tech Lab  
  27  3:40  SCV  
  28  3:52  SCV  
  28  3:55  Stimpack  
  29  3:56  Marine  
  29  4:00  Refinery  
  30  4:04  SCV  
  31  4:18  Starport  
  31  4:26  Orbital Command  
  31  4:29  Hellion  
  33  4:39  Bunker  
  33  4:43  Bunker  
  33  4:56  Marine x2  
  35  5:04  Widow Mine  
  35  5:05  Medivac  
  39  5:13  Marine  
  36  5:29  Orbital Command  
  36  5:33  Marine x2  
  36  5:34  Marine  
  34  6:09  Marine  
  34  6:10  Marine x2  
  30  6:15  SCV  
  31  6:23  Factory Reactor  
  31  6:31  SCV  
  31  6:32  SCV  
  36  6:42  Barracks Reactor  
  36  6:43  SCV  
  34  6:51  SCV, Command Center  
  34  6:52  Engineering Bay  
  35  6:56  SCV  
  36  7:03  SCV  
  36  7:08  SCV  
  34  7:15  SCV  
  34  7:18  Barracks Reactor  
  34  7:20  SCV, Engineering Bay  
  36  7:27  Bunker  
  36  7:28  SCV  
  37  7:32  SCV, Barracks Reactor  
  38  7:40  SCV  
  38  7:42  Marine  
  38  7:43  Marine  
  41  7:44  SCV  
  41  7:49  Supply Depot  
  42  7:52  Terran Infantry Weapons Level 1, SCV  
  42  7:56  SCV  
  44  8:00  Marine x2  
  44  8:02  Orbital Command  
  44  8:04  SCV  
  47  8:08  Terran Infantry Armor Level 1  
  47  8:10  SCV  
  47  8:11  Marine x2  
  50  8:18  Marine  
  51  8:26  Viking  
  51  8:27  Orbital Command  
  53  8:29  Factory Tech Lab  
  53  8:40  Marine x2  
  53  8:41  Marine x2  
  56  8:42  SCV x2  
  56  8:47  Medivac  
  61  8:51  Refinery  
  61  8:54  SCV x2  
  63  8:56  SCV  
  63  9:02  Marine x2  
  66  9:06  SCV x2  
  66  9:07  Supply Depot  
  66  9:08  SCV  
  69  9:10  Siege Tank  
  72  9:18  SCV x2  
  72  9:20  SCV  
  74  9:30  SCV  
  63  9:39  Marine  
  63  9:40  Marine x4  
  68  9:46  Barracks  
  68  9:47  Barracks  
  68  9:48  Barracks  
  68  9:51  SCV  
  68  9:52  SCV x2  
  71  9:59  Armory  
  71  10:03  SCV  
  72  10:13  Refinery  
  72  10:17  Barracks  
  72  10:29  SCV  
  72  10:30  SCV x2  
  75  10:38  Barracks Reactor x3  
  75  10:41  SCV  
  75  10:52  Orbital Command  
  69  11:02  Marine x4  
  69  11:03  Marine x2  
  73  11:19  Marine x2  
  73  11:20  Marine x7  
  73  11:22  SCV  
  73  11:23  SCV  
  84  11:33  Supply Depot x2  
  84  11:59  Marine x3  
  84  12:00  Marine  
  85  12:02  Orbital Command  
  85  12:18  Marine x3  
  85  12:19  Marine x6  
  94  12:37  Siege Tank  
  94  12:38  Barracks Tech Lab  
  94  12:42  Refinery  
  94  12:43  Refinery  
  97  12:44  Marine x4  
  97  12:46  Command Center  
  97  12:50  Supply Depot x2  
  97  12:51  Supply Depot x2  
  101  12:55  Marine  
  101  13:00  Marine  
  101  13:01  Marine  
Tags
 
League
Diamond
Matchup
TvZ
Opening
Pool First
Replay Pack
r1
Spawn Locations
Cross Positions
Add a new tag
Caveats
  • Supply blocks, unpowered buildings, or Contaminate may cause inaccurate times.
  • Supply counts are checked every 10 seconds.